 Dungeon Sprint DCSS version 0.30-a0-715-gdb4ae3ece1 (webtiles) character file.

Game seed: 14627942459059536236

354 jt the Grappler (level 6, 0/53 HPs)
             Began as a Draconian Transmuter on Jan 23, 2023.
             Was an Elder of Sif Muna.
             Slain by a boulder beetle (20 damage)
             ... in the Dungeon (Sprint VII: "The Pits").
             The game lasted 00:02:37 (387 turns).

jt the Grappler (Draconian Transmuter)               Turns: 387, Time: 00:02:38

Health: 0/53       AC:  6    Str: 13    XL:     6   Next: 35%
Magic:  11/12      EV: 13    Int: 15    God:    Sif Muna [****..]
Gold:   0          SH:  0    Dex: 11    Spells: 10/13 levels left

rFire   . . .      SeeInvis .      - Unarmed
rCold   . . .      Faith    .    (no shield)
rNeg    . . .      Spirit   .    (body armour unavailable)
rPois   .          Reflect  .    (helmet restricted)
rElec   .          Harm     .    (no cloak)
rCorr   .          Rampage  .    (no gloves)
Will    .....      NoTele   +    (no boots)
Stlth   +                        (no amulet)
HPRegen 0.28/turn                (no ring)
MPRegen 0.13/turn                (no ring)

@: invisible
A: AC +6, unfitting armour, cold-blooded
a: Renounce Religion, Channel Magic, Forget Spell, Divine Exegesis


You were in the Dungeon.
You worshipped Sif Muna.
Sif Muna was greatly pleased with you.
You visited 1 branch

Inventory:

Hand Weapons
 m - a +2 heavy trident
Missiles
 i - 10 stones
Scrolls
 g - a scroll of blinking
 j - 5 scrolls of amnesia
 k - a scroll of butterflies
 l - 2 scrolls of vulnerability
Potions
 a - a potion of lignification
 b - 6 potions of curing
 c - 4 potions of heal wounds
 d - a potion of haste
 e - 4 potions of magic
 f - 2 potions of berserk rage
 h - a potion of invisibility


   Skills:
 + Level 4.4 Fighting
 + Level 4.0 Dodging
 + Level 11.3 Unarmed Combat
 + Level 4.1 Spellcasting
 + Level 4.4 Transmutations


You had 10 spell levels left.
You knew the following spells:

 Your Spells              Type           Power      Damage    Failure   Level
a - Beastly Appendage     Tmut           32%        N/A       3%          1
b - Wereblood             Tmut           16%        N/A       4%          2

Your spell library contained the following spells:

 Spells                   Type           Power      Damage    Failure   Level
 Spider Form              Tmut/Pois      9%         N/A       22%         3
 Ice Form                 Ice/Tmut       9%         N/A       56%         4


Dungeon Overview and Level Annotations

Branches:
Dungeon (1/1)

Altars:
Ashenzari
Cheibriados
Dithmenos
Elyvilon
Fedhas
Gozag
Hepliaklqana
Kikubaaqudgha
Makhleb
Nemelex Xobeh
Okawaru
Qazlal
Ru
Sif Muna
Trog
Uskayaw
Vehumet
Wu Jian
Xom
Yredelemnul
Zin
The Shining One
Jiyva
Lugonu


Innate Abilities, Weirdness & Mutations

Your plain brown scales are hard. (AC +6)
You cannot fit into any form of body armour.
You are cold-blooded and may be slowed by cold attacks.


Message History

You hit the boulder beetle.
The boulder beetle is severely wounded.
The boulder beetle bites you!!
You hit the boulder beetle.
You tail-slap the boulder beetle, but do no damage.
You punch the boulder beetle, but do no damage.
The boulder beetle is severely wounded.
The boulder beetle bites you!
* * * LOW HITPOINT WARNING * * *
You feel much better. The boulder beetle barely misses you.
You hit the boulder beetle but do no damage.
The boulder beetle is severely wounded.
The boulder beetle closely misses you.
You catch the helpless boulder beetle completely off-guard!
You hit the boulder beetle.
The boulder beetle is severely wounded.
Okay, then.
You aren't carrying any items that you can evoke.
You hit the boulder beetle but do no damage.
You tail-slap the boulder beetle, but do no damage.
The boulder beetle is severely wounded.
You hit the boulder beetle but do no damage.
You tail-slap the boulder beetle, but do no damage.
The boulder beetle is severely wounded.
The boulder beetle barely misses you.
You barely miss the boulder beetle.
The boulder beetle is severely wounded.
The boulder beetle misses you.
You hit the boulder beetle.
The boulder beetle is severely wounded.
You hit the boulder beetle but do no damage.
The boulder beetle is severely wounded.
The boulder beetle bites you!!
You catch the helpless boulder beetle completely off-guard!
You hit the boulder beetle but do no damage.
The boulder beetle is severely wounded.
You hit the boulder beetle but do no damage.
The boulder beetle is severely wounded.
The boulder beetle bites you!!
You die...

#.#..#.)))[##.......#
#'###########.......#
#.......# #########
#.......# #...#...#
#..###..#+#
#...#...#.+
#......B#'#
#......@'.#
###########


You could see a boulder beetle (unable to see you).

Vanquished Creatures
  An ice beast (D)
  A black bear (D)
  A wolf (D)
  A jelly (D)
  An iguana (D)
  2 gnolls (D)
  An orc (D)
  2 giant cockroaches (D)
  2 goblins (D)
  3 bats (D)
  A rat (D)
16 creatures vanquished.

Notes
Turn   | Place    | Note
-------+----------+-------------------------------------------
     0 | D        | jt the Draconian Transmuter began the quest for the Orb.
     0 | D        | Reached XP level 1. HP: 16/16 MP: 3/3
    36 | D        | Found a glowing golden altar of the Shining One.
    36 | D        | Found a glowing silver altar of Zin.
    36 | D        | Found a basalt altar of Yredelemnul.
    36 | D        | Found a shimmering altar of Xom.
    36 | D        | Found an ornate altar of the Wu Jian Council.
    36 | D        | Found a bloodstained altar of Trog.
    36 | D        | Found a shimmering blue altar of Sif Muna.
    36 | D        | Found a sacrificial altar of Ru.
    36 | D        | Found a stormy altar of Qazlal.
    36 | D        | Found an iron altar of Okawaru.
    36 | D        | Found a sparkling altar of Nemelex Xobeh.
    36 | D        | Found a burning altar of Makhleb.
    36 | D        | Found a viscous altar of Jiyva.
    36 | D        | Found a hazy altar of Hepliaklqana.
    36 | D        | Found an opulent altar of Gozag.
    36 | D        | Found a blossoming altar of Fedhas.
    36 | D        | Found a white marble altar of Elyvilon.
    36 | D        | Found a shadowy altar of Dithmenos.
    36 | D        | Found a snail-covered altar of Cheibriados.
    37 | D        | Found a radiant altar of Vehumet.
    37 | D        | Found a corrupted altar of Lugonu.
    38 | D        | Found an ancient bone altar of Kikubaaqudgha.
    38 | D        | Found a hide-covered altar of Uskayaw.
    38 | D        | Found a broken altar of Ashenzari.
    39 | D        | Became a worshipper of Sif Muna the Loreminder
    51 | D        | Reached skill level 4 in Unarmed Combat
    83 | D        | Reached * piety under Sif Muna
   117 | D        | Reached ** piety under Sif Muna
   118 | D        | Reached skill level 5 in Unarmed Combat
   118 | D        | Reached XP level 2. HP: 23/23 MP: 5/5
   183 | D        | Learned a level 2 spell: Wereblood
   196 | D        | Reached skill level 6 in Unarmed Combat
   250 | D        | Noticed a black bear
   252 | D        | Noticed a wolf
   263 | D        | Reached skill level 7 in Unarmed Combat
   263 | D        | Reached XP level 3. HP: 28/28 MP: 1/6
   263 | D        | Reached *** piety under Sif Muna
   264 | D        | Reached skill level 8 in Unarmed Combat
   268 | D        | Killed a black bear
   269 | D        | Reached skill level 10 in Unarmed Combat
   269 | D        | Reached XP level 4. HP: 35/35 MP: 1/7
   269 | D        | Reached XP level 5. HP: 40/40 MP: 1/8
   271 | D        | Killed a wolf
   272 | D        | Reached skill level 11 in Unarmed Combat
   333 | D        | Reached **** piety under Sif Muna
   344 | D        | Noticed an ice beast
   348 | D        | Killed an ice beast
   349 | D        | Reached XP level 6. HP: 53/53 MP: 7/12
   350 | D        | Noticed a boulder beetle
   387 | D        | Slain by a boulder beetle

Illustrated notes

Levels and vault maps discovered:
D:        pitsprint [storerooms_1, entrance_room_1, metal_vault_2, armoury_2,
          mini_pit_1, grid_room_1, main_hall_1, silver_pit, the_coven_1,
          the_vestibule_1, steel_vault_1, golden_pit, hallway_of_sentries,
          crystal_vault_4, iron_vault_3, final_vault]

Skill      XL: |  1  2  3  4  5 |
---------------+----------------+-----
Unarmed Combat | 5 7 10 11 | 11.3
Fighting       | 4 |  4.4
Dodging        | 4 |  4.0
Spellcasting   | 4 |  4.1
Transmutations | 4 |  4.4

Action                     |  1- 3 |  4- 6 || total
---------------------------+-------+-------++-------
  Melee: Unarmed           |    46 |    40 ||    86
         Tailslap          |     9 |     7 ||    16
         Kick              |     8 |    11 ||    19
         Punch             |     1 |     2 ||     3
         Headbutt          |     1 |    13 ||    14
   Cast: Beastly Appendage |     7 |     1 ||     8
         Wereblood         |     2 |     1 ||     3
    Use: Potion            |     1 |     3 ||     4
   Stab: Invisible         |       |     4 ||     4
 Armour: Skin              |    14 |     3 ||    17
  Dodge: Dodged            |    24 |    17 ||    41

Table legend: (Time is in decaauts)
 A = Elapsed time spent in this place.
 B = Non-inter-level travel time spent in this place.
 C = Inter-level travel time spent in this place.
 D = Time resting spent in this place.
 E = Time spent auto-exploring this place.
 F = Levels seen in this place.
 G = Mean time per level.
                   A        B        C        D        E       F      G
               +--------+--------+--------+--------+--------+-----+--------+
         Total |    384 |    361 |     23 |     99 |      0 |   1 |  384.0 |
       Dungeon |    384 |    361 |     23 |     99 |      0 |   1 |  384.0 |
               +--------+--------+--------+--------+--------+-----+--------+

Top non-repeatable levels by time:
       D: 384 daAuts
